 Dungeon Crawl Stone Soup version 0.22-a0-398-g8bb545f (webtiles) character file.

2 stankywizzleteets the Conjurer (level 1, -1/7 HPs)
             Began as a Felid Conjurer on May 5, 2018.
             Slain by a giant cockroach (2 damage)
             ... on level 1 of the Dungeon.
             The game lasted 00:00:24 (25 turns).

stankywizzleteets the Conjurer (Felid Conjurer)       Turns: 25, Time: 00:00:24

Health: -1/7       AC:  1    Str:  4    XL:     1   Next: 25%
Magic:  1/4        EV: 18    Int: 16    God:
Gold:   0          SH:  0    Dex: 16    Spells: 3/4 levels left
                                        Lives:  0   Deaths: 0

rFire    . . .     SeeInvis +   (weapon unavailable)
rCold    . . .     Gourm    .   (shield unavailable)
rNeg     . . .     Faith    .   (armour unavailable)
rPois    .         Spirit   .   (helmet unavailable)
rElec    .         Reflect  .   (cloak unavailable)
rCorr    .         Harm     .   (gloves unavailable)
MR       .....                  (boots unavailable)
Stlth    +++.......             (no amulet)
HPRegen  0.02/turn              (no ring)
MPRegen  0.09/turn              (no ring)

@: very slightly contaminated, quick
A: very small, no armour, no weapons or thrown items, stealth, claws 1, fangs 3,
see invisible, carnivore, speed 1, shaggy fur 1, slow metabolism 1, sharp paws
a: no special abilities


You were on level 1 of the Dungeon.
You were not hungry.

You visited 1 branch of the dungeon, and saw 1 of its levels.

Inventory:

Potions
 a - a potion of invisibility {unknown}
Comestibles
 b - 2 rations


   Skills:
 + Level 2.6 Dodging
 + Level 2.6 Stealth
 + Level 2.0 Spellcasting
 + Level 3.6 Conjurations


You had 3 spell levels left.
You knew the following spells:

 Your Spells              Type           Power        Failure   Level  Hunger
a - Magic Dart            Conj           ##..         4%          1    #......


Dungeon Overview and Level Annotations

Branches:
Dungeon (1/15)

Altars:


Innate Abilities, Weirdness & Mutations

You cannot wear armour.
You are incapable of wielding weapons or throwing items.
Your paws allow you to move quietly. (Stealth)
You have sharp claws.
You have razor-sharp teeth.
You have supernaturally acute eyesight. (SInv)
You are carnivorous and can eat meat at any time.
You cover ground quickly.
You are covered in fur. (AC +1)
You have a slow metabolism.
Your sharp claws are effective at attacking unaware monsters.


Message History

The giant cockroach closely misses you.
You barely miss the giant cockroach. The giant cockroach closely misses you.
The giant cockroach bites you.
You scratch the giant cockroach.
The giant cockroach is moderately wounded.
The giant cockroach bites you. The giant cockroach barely misses you.
The giant cockroach completely misses you.
You scratch the giant cockroach but do no damage.
The giant cockroach is moderately wounded.
The giant cockroach barely misses you. The giant cockroach misses you.
You scratch the giant cockroach but do no damage.
The giant cockroach is moderately wounded.
The giant cockroach completely misses you.
The giant cockroach bites you.
* * * LOW HITPOINT WARNING * * *
The giant cockroach closely misses you.
You barely miss the giant cockroach.
The giant cockroach is moderately wounded.
The giant cockroach bites you.
You die...

###+#######+###
#..⌠...>...⌠..#
#......<......#
+⌠....###....⌠+
#......@s.....#
#######s#######
#....ssghsh...#
#...$.JJhh....#
#......hs.....#
###############


You could see a jelly, an ooze, 5 jackals, 6 giant cockroaches and a hobgoblin.

Vanquished Creatures
  3 rats (D:1)
3 creatures vanquished.

Notes
Turn   | Place    | Note
-------+----------+-------------------------------------------
     0 | D:1      | stankywizzleteets the Felid Conjurer began the quest for the Orb.
     0 | D:1      | Reached XP level 1. HP: 7/7 MP: 4/4
     0 | D:1      | Noticed a jelly
     1 | D:1      | Found a runed door.
    25 | D:1      | Slain by a giant cockroach

Vault maps used:
D:1:      dpeg_arrival_caged_fury

Action                   || total
-------------------------++-------
Melee: Unarmed           ||     9
 Cast: Magic Dart        ||     3
Dodge: Dodged            ||    14

Table legend:
 A = Spawn XP
 B = Non-spawn XP
 C = Spawn XP percentage of total XP
 D = Spawn monster count
 E = Non-spawn monster count
 F = Spawn count percentage of total count
 G = Total turns spent on level
                    A         B        C        D         E        F      G
               +---------+---------+-------+---------+---------+-------+---------
         Total |       0 |       3 |   0.0 |       0 |       3 |   0.0 |    25
               +---------+---------+-------+---------+---------+-------+---------
           D:1 |       0 |       3 |   0.0 |       0 |       3 |   0.0 |    25
               +---------+---------+-------+---------+---------+-------+---------
